 Dungeon Crawl Stone Soup version 0.25-a0-869-g05d4e06 (webtiles) character file.

Game seed: 12128861165077177909, levelgen mode: deterministic

2137 BlueFish the Insei (level 9, -4/58 HPs)
             Began as an Octopode Transmuter on Apr 30, 2020.
             Was an Initiate of Cheibriados.
             Slain by an orc warrior
             ... wielding a +0 flail
              (20 damage)
             ... on level 8 of the Dungeon.
             The game lasted 00:25:10 (7987 turns).

BlueFish the Insei (Octopode Transmuter)            Turns: 7987, Time: 00:25:10

Health: -4/58      AC:  3    Str: 13    XL:     9   Next: 30%
Magic:  9/14       EV: 25    Int: 17    God:    Cheibriados [......]
Gold:   160        SH:  0    Dex: 18    Spells: 1/15 levels left

rFire    . . .     SeeInvis .     - Unarmed
rCold    . . .     Gourm    .   (shield currently unavailable)
rNeg     . . .     Faith    .   (helmet currently unavailable)
rPois    x         Spirit   .   (no amulet)
rElec    .         Reflect  .   s - +2 ring of evasion
rCorr    .         Harm     .   d - +1 ring of protection
MR       +....                  y - ring of protection from magic
Stlth    +++.......             (no ring)
HPRegen  0.19/turn              (no ring)
MPRegen  0.14/turn              (no ring)
                                (no ring)
                                (no ring)

@: spider-form, very slightly contaminated, very slow
A: tiny, almost no armour, stealthy swim, (amphibious), 8 rings, (constrict 8)
a: End Transformation, Bend Time, Renounce Religion


You were on level 8 of the Dungeon.
You worshipped Cheibriados.
Cheibriados was noncommittal.
You were hungry.
You were a venomous arachnid creature.
You visited 2 branches of the dungeon, and saw 9 of its levels.
You also visited: Ossuary.

You collected 485 gold pieces.
You spent 325 gold pieces at shops.

Inventory:

Missiles
 a - 148 arrows
Jewellery
 d - a +1 ring of protection (right front leg)
 s - a +2 ring of evasion (left front leg)
 y - a ring of protection from magic (on tentacle)
Wands
 e - a wand of disintegration (10)
 x - a wand of acid (7)
 D - a wand of iceblast (12)
 F - a wand of digging (3)
Scrolls
 f - 3 scrolls of fear
 j - 5 scrolls of teleportation
 t - a scroll of blinking
 u - 2 scrolls of immolation
 v - a scroll of holy word
 w - a scroll of fog
 E - a scroll of identify
 G - a scroll of remove curse
 H - a scroll of enchant weapon
Potions
 b - 2 potions of magic
 g - 2 potions of ambrosia
 h - 2 potions of degeneration
 i - a potion of berserk rage
 k - 5 potions of flight
 l - 3 potions of haste
 m - 3 potions of mutation
 n - 2 potions of resistance
 o - 4 potions of lignification
 p - 4 potions of heal wounds
 q - 2 potions of might
 r - 3 potions of stabbing
 A - a potion of invisibility
 B - 3 potions of brilliance
 C - a potion of cancellation
Comestibles
 c - 16 rations
 z - 2 chunks of flesh


   Skills:
 * Level 3.9 Fighting
 * Level 4.3 Dodging
 * Level 5.4 Stealth
 * Level 7.5 Unarmed Combat
 + Level 3.7 Spellcasting
 * Level 4.8 Transmutations
 * Level 4.4 Poison Magic
 * Level 1.0 Invocations


You had one spell level left.
You knew the following spells:

 Your Spells              Type           Power        Failure   Level  Hunger
a - Beastly Appendage     Tmut           ###...       9%          1    None
b - Sticks to Snakes      Tmut           ###.....     11%         2    ##.....
c - Spider Form           Tmut/Pois      ###.......   21%         3    ###....
d - Blade Hands           Tmut           ###.......   73%         5    ######.
e - Confusing Touch       Hex            #.......     65%         3    ###....

Your spell library contained the following spells:

 Spells                   Type           Power        Failure   Level  Hunger
 Corona                   Hex            #......      34%         1    None
 Magic Dart               Conj           #...         34%         1    None
 Blink                    Tloc           N/A          45%         2    ##.....
 Call Imp                 Summ           #.......     45%         2    ##.....
 Ensorcelled Hibernation  Hex/Ice        #.....       45%         2    ##.....
 Slow                     Hex            #.......     45%         2    ##.....
 Mephitic Cloud           Conj/Pois/Air  #.......     47%         3    ###....
 Conjure Flame            Conj/Fire      #.......     65%         3    ###....
 Dazzling Flash           Conj/Hex       #.....       65%         3    ###....
 Tukima's Dance           Hex            #.......     65%         3    ###....
 Ice Form                 Ice/Tmut       ##......     73%         4    ####...


Dungeon Overview and Level Annotations

Branches:
Dungeon (8/15)             Temple (1/1) D:6         Ossuary (visited)
   Lair: D:8-11

Altars:
Cheibriados
Dithmenos
Elyvilon
Fedhas
Hepliaklqana
Kikubaaqudgha
Makhleb
Nemelex Xobeh
Okawaru
Qazlal
Ru
Trog
Wu Jian
The Shining One

Shops:
D:4 :   D:6 %   D:7 ?

Annotations:
D:6 Menkaure


Innate Abilities, Weirdness & Mutations

You cannot wear most types of armour.
You are very stealthy in the water. (Stealth+)
((You are amphibious.))
You can wear up to eight rings at the same time.
((You can use your tentacles to constrict eight enemies at once.))
((Your skin changes colour to match your surroundings (Stealth+).))
((Your rubbery body absorbs attacks. (AC +1, EV +1)))


Message History

The orc warrior is moderately wounded.
The bullfrog closely misses you.
You hit the orc warrior but do no damage.
The orc warrior is moderately wounded.
The bullfrog hits you.
The orc warrior hits you with a +0 flail!
The orc wizard casts a spell.
The orc wizard blinks!
You bite the bullfrog!
The bullfrog is poisoned.
The bullfrog is severely wounded.
The bullfrog completely misses you. x2
The orc wizard casts a spell at you. The magic dart hits you.
* * * LOW HITPOINT WARNING * * *
You barely miss the orc warrior.
The orc warrior is moderately wounded.
The bullfrog hits you.
* * * LOW HITPOINT WARNING * * *
The orc warrior hits you with a +0 flail!!
You die...

........#.....####.#...#.
..................[......
.....................#.#.
.......#.....####...#.#.
#..........# #.#.#.#.
#.....ยง##### #.#...#.
#......########.#...#.
#......##.......#.....
#...Fs.##.......#.#.#.
#....o.##.......#.....
#..o...##.......#.....
####......##.......#.##.#
#...(...####.......#.##.#
#.......# #.......#.##..
#...$...# #......##.###.
#..!....# #......##'###.
#.......# #..........##.


You could see an orc warrior, a bullfrog and an orc wizard.

Vanquished Creatures
  3 black bears
  2 orc warriors
  An ice beast (D:7)
  A sky beast (D:6)
  An ogre (D:7)
  A centaur (D:5)
  A bullfrog (D:7)
  A scorpion (D:4)
  4 howler monkeys
  2 crimson imps
  A hound (D:6)
  4 orc priests
  A quasit (D:6)
  2 bullfrog skeletons (D:8)
  A centaur skeleton (D:6)
  3 orc wizards
  6 worker ants
  A killer bee zombie (D:6)
  12 mummies (Ossuary)
  A worker ant zombie (D:3)
  9 gnolls
  10 adders
  A shadow imp (D:5)
  2 oozes
  An adder skeleton (D:6)
  5 dart slugs
  5 leopard geckos
  15 orcs
  10 bats
  7 giant cockroaches
  7 hobgoblins
  8 jackals (D:1)
  2 quokkas
  4 frilled lizards
  A gnoll skeleton (Ossuary)
  5 goblins
  4 goblin skeletons (Ossuary)
  6 kobolds (D:1)
  3 orc skeletons (Ossuary)
  5 rats
  11 rat skeletons (Ossuary)
170 creatures vanquished.

Vanquished Creatures (collateral kills)
  A hound zombie (D:6)
  An adder skeleton (D:7)
  An orc (D:7)
3 creatures vanquished.

Vanquished Creatures (others)
  4 plants (D:8)
4 creatures vanquished.

Grand Total: 177 creatures vanquished

Notes
Turn   | Place    | Note
-------+----------+-------------------------------------------
     0 | D:1      | BlueFish the Octopode Transmuter began the quest for the
                  | Orb.
     0 | D:1      | Reached XP level 1. HP: 13/13 MP: 3/3
   228 | D:1      | Reached XP level 2. HP: 15/18 MP: 1/5
   242 | D:1      | Learned a level 2 spell: Sticks to Snakes
   512 | D:1      | Reached XP level 3. HP: 20/23 MP: 6/6
   517 | D:1      | Learned a level 3 spell: Spider Form
  1162 | D:2      | Reached skill level 1 in Stealth
  1162 | D:2      | Reached XP level 4. HP: 25/28 MP: 5/7
  1184 | D:2      | Reached skill level 4 in Unarmed Combat
  1350 | D:2      | Reached skill level 1 in Poison Magic
  1736 | D:2      | Found a glowing golden altar of the Shining One.
  1897 | D:3      | Found a bloodstained altar of Trog.
  2107 | D:3      | Reached XP level 5. HP: 33/33 MP: 6/8
  2147 | D:3      | Found an ancient bone altar of Kikubaaqudgha.
  2244 | D:3      | Found a stormy altar of Qazlal.
  2247 | D:3      | Found a blossoming altar of Fedhas.
  2248 | D:3      | Found an iron altar of Okawaru.
  2248 | D:3      | Found a bloodstained altar of Trog.
  2839 | D:4      | Found a burning altar of Makhleb.
  2888 | D:4      | Found Kyogy's Book Emporium.
  2998 | D:4      | Reached XP level 6. HP: 21/39 MP: 0/9
  3111 | D:4      | Got a smoking falchion
  3121 | D:4      | Found a sparkling altar of Nemelex Xobeh.
  3148 | D:4      | Found a white marble altar of Elyvilon.
  3525 | D:5      | Entered Level 5 of the Dungeon
  3610 | D:5      | Reached skill level 5 in Unarmed Combat
  3623 | D:5      | Found a sparkling altar of Nemelex Xobeh.
  3690 | D:5      | Reached XP level 7. HP: 44/45 MP: 9/11
  3848 | D:5      | Found an ornate altar of the Wu Jian Council.
  3971 | D:6      | Noticed Menkaure
  4121 | D:6      | Found a sand-covered staircase.
  4126 | Ossuary  | Entered an ossuary
  4697 | D:6      | HP: 2/45 [quasit (2)]
  4949 | D:6      | Found a shadowy altar of Dithmenos.
  5086 | D:7      | Learned a level 5 spell: Blade Hands
  5429 | D:7      | Found Lasch's Magic Scroll Boutique.
  5532 | D:7      | Reached XP level 8. HP: 48/51 MP: 8/12
  5558 | D:7      | Reached skill level 6 in Unarmed Combat
  6003 | D:7      | Found a hazy altar of Hepliaklqana.
  6004 | D:7      | Found a shadowy altar of Dithmenos.
  6004 | D:7      | Noticed a shadow
  6142 | D:6      | Reached skill level 7 in Unarmed Combat
  6446 | D:6      | Reached skill level 5 in Stealth
  6446 | D:6      | Reached XP level 9. HP: 43/57 MP: 14/14
  6559 | D:6      | Found Vupimac's Food Shoppe.
  6711 | D:6      | Found a staircase to the Ecumenical Temple.
  6720 | Temple   | Entered the Ecumenical Temple
  6726 | Temple   | Became a worshipper of Cheibriados the Contemplative
  6791 | D:4      | Bought a book of Maledictions for 325 gold pieces
  6795 | D:4      | Learned a level 3 spell: Confusing Touch
  6954 | D:6      | Found a stormy altar of Qazlal.
  7757 | D:8      | Reached skill level 1 in Invocations
  7987 | D:8      | Slain by an orc warrior

Levels and vault maps discovered:
D:1:      denvon_arrival_planthouse, layout_basic, minmay_small_reverse_x
D:2:      layout_rooms, nicolae_tso_swordbearing_angel
D:3:      layout_loops_cross, nicolae_overflow_crystal_walls,
          chequers_temple_overflow_statue_of_worship, first_ration, trog_book
D:4:      layout_loops_ring, elyvilon_altar_4,
          nemelex_xobeh_ov_fountains_minmay, overflow_temple_1_default,
          serial_shops, nicolae_shop_statue_plus, columned_hall_lemuel
D:5:      layout_rooms, kennysheep_mini_moat, basic_altar
D:6:      lemuel_upstairs_altar, layout_loops_ring,
          minmay_temple_entry_poolview, basic_altar, enter_ossuary_2,
          serial_shops, shop, patterned_corridor, uniq_menkaure
D:7:      layout_gridville, riverfiend_overflow_shadow_ancestor, serial_shops,
          shop, grunt_ogre_cave
D:8:      layout_basic, david_lair_shrubbed, hex_medium, uniq_maurice
Temple:   chequers_temple_sunken

Skill      XL: |  1  2  3  4  5  6  7  8  9 |
---------------+----------------------------+-----
Stealth        | 1 2 3 4 5 |  5.4
Unarmed Combat | 4 5 7 |  7.5
Poison Magic   | 1 2 3 4 |  4.4
Transmutations | 3 4 |  4.8
Fighting       | 2 3 |  3.9
Dodging        | 3 4 |  4.3
Spellcasting   | 3 |  3.7
Invocations    | 1 |  1.0

Action                   |  1- 3 |  4- 6 |  7- 9 || total
-------------------------+-------+-------+-------++-------
Melee: Unarmed           |    78 |   123 |   258 ||   459
       Constrict         |    27 |    19 |    36 ||    82
       Kick              |    21 |     9 |    37 ||    67
       Tentacles         |     7 |     8 |    19 ||    34
       Punch             |     3 |     1 |     9 ||    13
 Cast: Beastly Appendage |    18 |    22 |    30 ||    70
       Spider Form       |       |     9 |    12 ||    21
       Sticks to Snakes  |       |       |     7 ||     7
  Use: Scroll            |     6 |    12 |    13 ||    31
       Potion            |       |       |     1 ||     1
 Stab: Sleeping          |       |     7 |    13 ||    20
  Eat: Chunk             |     1 |     6 |    12 ||    19
       Ration            |       |     1 |     1 ||     2
Armor: Skin              |     3 |     7 |    20 ||    30
Dodge: Dodged            |    59 |    81 |   250 ||   390

Table legend:
 A = Non-vault XP
 B = Vault XP
 C = Vault XP percentage of total XP
 D = Non-vault monster count
 E = Vault monster count
 F = Vault count percentage of total count
                 A         B        C        D         E       F
            +---------+---------+-------+---------+---------+-------
      Total |    2687 |     367 |  12.0 |     137 |      36 |  20.8
            +---------+---------+-------+---------+---------+-------
        D:1 |      61 |       7 |  10.3 |      31 |       4 |  11.4
        D:2 |      76 |       0 |   0.0 |      15 |       0 |   0.0
        D:3 |      55 |       0 |   0.0 |      12 |       0 |   0.0
        D:4 |     223 |       0 |   0.0 |      20 |       0 |   0.0
        D:5 |     238 |       0 |   0.0 |       6 |       0 |   0.0
        D:6 |     671 |       0 |   0.0 |      20 |       0 |   0.0
        D:7 |     989 |     125 |  11.2 |      22 |       1 |   4.3
        D:8 |     374 |       0 |   0.0 |      11 |       0 |   0.0
    Ossuary |       0 |     235 | 100.0 |       0 |      31 | 100.0
            +---------+---------+-------+---------+---------+-------
